 Dungeon Crawl Stone Soup version 0.28.0-53-g5a82cb258f (webtiles) character file.

Game seed: 12555901762281160065

207 protoss039 the Digger (level 5, -3/41 HPs)
             Began as a Demonspawn Earth Elementalist on June 7, 2022.
             Killed by divine providence
             ... invoked by an orc priest
              (12 damage)
             ... on level 3 of the Dungeon.
             The game lasted 00:08:18 (3305 turns).

protoss039 the Digger (DsEE)                        Turns: 3305, Time: 00:08:18

Health: -3/41      AC:  4    Str:  8    XL:     5   Next: 54%
Magic:  1/9        EV: 12    Int: 19    God:
Gold:   52         SH:  0    Dex: 13    Spells: 3/9 levels left

rFire   . . .      SeeInvis .   j - +0 spear
rCold   . . .      Faith    .   (no shield)
rNeg    . . .      Spirit   .   b - +0 robe
rPois   .          Reflect  .   k - +0 helmet
rElec   .          Harm     .   i - +0 cloak
rCorr   .          Rampage  .   (no gloves)
Will    .....                   (no boots)
Stlth   ++........              (no amulet)
HPRegen 0.13/turn               (no ring)
MPRegen 0.11/turn               (no ring)

@: very slightly contaminated
A: claws 1, powered by death 1, demonic magic 1
a: no special abilities


You were on level 3 of the Dungeon.
You visited 1 branch of the dungeon, and saw 3 of its levels.

You collected 104 gold pieces.
You spent 52 gold pieces at shops.

Inventory:

Hand Weapons
 j - a +0 spear (weapon)
Armour
 b - a +0 robe (worn)
 i - a +0 cloak (worn)
 k - a +0 helmet (worn)
Wands
 n - a wand of mindburst (10)
Scrolls
 a - a scroll of fear
 d - 2 scrolls of amnesia
 e - a scroll of identify
 f - 2 scrolls of teleportation
 g - 2 scrolls of enchant weapon
 l - a scroll of blinking {unknown}
Potions
 h - a potion of haste
 m - a potion of attraction {unknown}


   Skills:
 * Level 3.1 Fighting
 + Level 1.8 Armour
 - Level 1.7 Dodging
 - Level 1.7 Stealth
 + Level 2.9 Spellcasting
 + Level 1.2 Conjurations
 - Level 1.0 Transmutations
 + Level 3.3 Earth Magic


You had 3 spell levels left.
You knew the following spells:

 Your Spells              Type           Power      Damage    Failure   Level
a - Sandblast             Erth           30%        2d9       3%          1
b - Passwall              Tmut/Erth      9%         N/A       10%         2
c - Stone Arrow           Conj/Erth      22%        3d8       19%         3

Your spell library contained the following spells:

 Spells                   Type           Power      Damage    Failure   Level
 Beastly Appendage        Tmut           12%        N/A       11%         1
 Wereblood                Tmut           6%         N/A       16%         2
 Spider Form              Tmut/Pois      4%         N/A       36%         3
 Petrify                  Tmut/Erth      11%        N/A       52%         4
 Borgnjor's Vile Clutch   Necr/Erth      4%         N/A       91%         5
 Alistair's Intoxication  Tmut/Pois      2%         N/A       98%         5
 Eringya's Noxious Bog    Tmut/Pois      2%         N/A       100%        6


Dungeon Overview and Level Annotations

Branches:
Dungeon (3/15)

Altars:

Shops:
D:2 ?


Innate Abilities, Weirdness & Mutations

You have sharp fingernails.
You regenerate a little health from kills.
Spells you cast may paralyse adjacent enemies.


Message History

Aim: an orc priest, wielding a +0 hand axe (68% to hit)
The stone arrow misses the orc priest.
Malevolent energies surge around you.
The orc suddenly stops moving!
Unknown command.
Unknown command.
Casting: Stone Arrow (quite dangerous; 19% risk of failure)
Confirm with . or Enter, or press ? or * to list all spells.
The spell is quite dangerous to miscast (19% risk of failure)!
Continue anyway?
Aiming: Stone Arrow (quite dangerous; 19% risk of failure)
Press: ? - help, Shift-Dir - straight line, f/p - orc priest
Aim: an orc priest, wielding a +0 hand axe (68% to hit)
You miscast Stone Arrow.
Nothing appears to happen.
Unknown command.
Unknown command.
The helpless orc fails to defend itself.
You hit the orc.
You kill the orc!
The orc priest hits you but does no damage.
The orc priest barely misses you.
Unknown command.
You barely miss the orc priest. The orc closely misses you.
The orc priest hits you with a +0 hand axe.
You hit the orc priest.
The orc priest is moderately wounded.
The orc hits you with a +0 short sword.
The orc priest hits you but does no damage.
You closely miss the orc priest.
The orc priest is moderately wounded.
The orc barely misses you.
The orc priest hits you with a +0 hand axe.
The orc hits you with a +0 short sword.
The orc priest mumbles some strange prayers to Beogh against you.
Beogh smites you!
* * * LOW HITPOINT WARNING * * *
Found an escape hatch in the floor.
The orc priest miscasts a cantrip.
A ball python comes into view.
The orc priest mumbles some strange prayers to Beogh against you.
Beogh smites you!
You die...

#. ..##...# #.# ..
#.##...# # #..
#.#####.#.###.## ##
##P♣P♣♣. #........## #.#
.. #≈≈≈≈≈≈≈ #..#.#...# .#
.# #≈≈≈≈≈≈PP .........##
##.##>### ♣≈P≈P≈≈≈≈
#.......o###.##....
#≈♣P≈≈≈≈≈
#...#........##..# #
♣≈≈≈≈≈≈
#...#....###)##@.##.#.
♣≈≈≈≈≈≈
#..>.......o..o........
♣♣♣♣≈≈≈
##..###..#.#.###.....S.
♣≈≈≈ #..###......#
#....... ♣♣P≈
#...........# #.......#
♣≈≈ ##.####.....#
#.##.##># ♣♣≈≈ #.#
#.....# #.♣≈♣≈♣.##♣♣♣♣≈≈≈
#.#
#.....###≈≈≈≈≈≈♣≈≈≈PPP≈≈≈
####.#
#####..#♣P≈≈≈P≈≈≈P≈≈P≈≈≈≈


You could see an orc priest, an orc and a ball python.

Vanquished Creatures
  An orc priest (D:3)
  Terence (D:2)
  Crazy Yiuf (D:2)
  Robin (D:2)
  4 adders
  2 worms (D:2)
  A dart slug (D:1)
  2 orcs (D:3)
  3 bats (D:1)
  An endoplasm (D:1)
  2 giant cockroaches
  11 goblins
  16 hobgoblins
  5 jackals (D:1)
  3 kobolds
  2 quokkas (D:1)
  4 ball pythons
  4 rats
64 creatures vanquished.

Notes
Turn   | Place    | Note
-------+----------+-------------------------------------------
     0 | D:1      | protoss039 the Demonspawn Earth Elementalist began the
                  | quest for the Orb.
     0 | D:1      | Reached XP level 1. HP: 13/13 MP: 3/3
   130 | D:1      | Reached skill level 1 in Transmutations
   269 | D:1      | Gained mutation: Spells you cast may paralyse adjacent
                  | enemies. [demonic ancestry]
   269 | D:1      | Reached XP level 2. HP: 8/20 MP: 1/5
   530 | D:2      | Learned a level 2 spell: Passwall
   558 | D:2      | Reached skill level 1 in Fighting
   559 | D:2      | Noticed Robin
   567 | D:2      | Killed Robin
   826 | D:1      | Gained mutation: You regenerate a little health from kills.
                  | [demonic ancestry]
   826 | D:1      | Reached XP level 3. HP: 26/26 MP: 4/6
   851 | D:1      | Reached skill level 1 in Armour
  1288 | D:1      | Learned a level 3 spell: Stone Arrow
  1503 | D:2      | Reached XP level 4. HP: 33/33 MP: 3/7
  1702 | D:2      | Noticed Terence
  2277 | D:2      | Killed Terence
  2475 | D:2      | Found Vamnaexe's Magic Scroll Emporium.
  2502 | D:2      | Bought a scroll of identify for 26 gold pieces
  2502 | D:2      | Bought a scroll of identify for 26 gold pieces
  2534 | D:2      | Found a runed translucent door.
  2535 | D:2      | Noticed Crazy Yiuf
  2699 | D:2      | Killed Crazy Yiuf
  2700 | D:2      | Gained mutation: You have sharp fingernails. [demonic
                  | ancestry]
  2700 | D:2      | Reached XP level 5. HP: 20/40 MP: 0/9
  3139 | D:3      | Reached skill level 1 in Conjurations
  3305 | D:3      | Killed from afar by an orc priest

Illustrated notes

Levels and vault maps discovered:
D:1:      dpeg_arrival_triangle_fractal, layout_rooms
D:2:      layout_rooms, serial_shops, nicolae_square_shop,
          kennysheep_cluttered_room, minmay_crystal_water,
          uniq_crazy_yiuf_cottage, uniq_terence, uniq_robin
D:3:      layout_loops_cross, mainiacjoe_overflow_catwalk, serial_shops, shop,
          shapermc_ecumenical_altar_mp_vishouse, serial_bayou_lagoon_b

Skill      XL: |  1  2  3  4  5 |
---------------+----------------+-----
Transmutations | 1 |  1.0
Fighting       | 1 2 3 |  3.1
Armour         | 1 |  1.8
Earth Magic    | 3 |  3.3
Conjurations   | 1 |  1.2
Dodging        | |  1.7
Stealth        | |  1.7
Spellcasting   | |  2.9

Action                   |  1- 3 |  4- 6 || total
-------------------------+-------+-------++-------
Melee: Whip              |    19 |       ||    19
       Unarmed           |     2 |       ||     2
       Short sword       |    24 |       ||    24
       Spear             |    12 |    88 ||   100
       Punch             |       |     1 ||     1
 Cast: Sandblast         |    45 |    25 ||    70
       Stone Arrow       |       |    13 ||    13
  Use: Scroll            |       |     5 ||     5
 Stab: Paralysed         |     4 |     4 ||     8
       Distracted        |       |     1 ||     1
       Sleeping          |       |     1 ||     1
Armor: Robe              |     9 |    26 ||    35
Dodge: Dodged            |    59 |    64 ||   123
